 Dungeon Crawl Stone Soup version 0.27.1-4-g1640c2035a (webtiles) character file.

Game seed: 12726593395517099399

2786 zeram the Covert (level 9, 0/39 HPs)
             Began as a Spriggan Enchanter on Nov 13, 2021.
             Was an Initiate of Dithmenos.
             Killed from afar by Dowan (15 damage)
             ... with a stone arrow
             ... on level 7 of the Dungeon.
             The game lasted 00:18:11 (8814 turns).

zeram the Covert (Spriggan Enchanter)               Turns: 8814, Time: 00:18:12

Health: 0/39       AC:  5    Str:  4    XL:     9   Next: 43%
Magic:  3/20       EV: 35    Int: 19    God:    Dithmenos [......]
Gold:   224        SH:  0    Dex: 16    Spells: 16/22 levels left

rFire    . . .     SeeInvis +   a - +3 dagger
rCold    . . .     Faith    .   (shield restricted)
rNeg     . . .     Spirit   .   b - +0 robe
rPois    .         Reflect  .   c - +1 hat of the Snake Pit {rCorr Stlth+}
rElec    .         Harm     .   f - +1 cloak
rCorr    +         Rampage  .   (gloves unavailable)
Will     ++...                  (boots unavailable)
Stlth    +++++++...             e - amulet of the acrobat
HPRegen  0.13/turn              l - ring of willpower
MPRegen  0.17/turn              x - ring of wizardry

@: about to teleport, acrobatic, very quick
A: very small, no large weapons, unfitting armour, see invisible, speed 3
a: Renounce Religion


You were on level 7 of the Dungeon.
You worshipped Dithmenos.
Dithmenos was noncommittal.
You visited 2 branches of the dungeon, and saw 8 of its levels.
You also visited: Ossuary.

You collected 381 gold pieces.
You spent 157 gold pieces at shops.

Inventory:

Hand Weapons
 a - a +3 dagger (weapon)
Armour
 b - a +0 robe (worn)
 c - the +1 hat of the Snake Pit (worn) {rCorr Stlth+}
   (You acquired it on level 1 of the Dungeon)

   rCorr:     It protects you from acid and corrosion.
   Stlth:     It makes you more stealthy.
 f - a +1 cloak (worn)
Jewellery
 e - an amulet of the acrobat (around neck)
 h - a ring of fire
 l - a ring of willpower (left hand)
 t - an amulet of magic regeneration
 x - a ring of wizardry (right hand)
Wands
 j - a wand of flame (16)
 n - a wand of paralysis (12)
 o - a wand of polymorph (21)
 r - a wand of acid (18)
 s - a wand of charming (5)
 u - a wand of iceblast (8)
Scrolls
 m - a scroll of teleportation
 w - a scroll of fog
 y - a scroll of enchant armour
 A - 2 scrolls of blinking
Potions
 d - 3 potions of might
 g - 2 potions of flight
 i - a potion of cancellation
 k - 2 potions of attraction
 p - a potion of lignification
 q - a potion of mutation
 v - a potion of magic
 z - a potion of berserk rage
 B - a potion of curing {unknown}


   Skills:
 - Level 2.1 Short Blades
 + Level 6.5 Dodging
 + Level 14.8 Stealth
 + Level 7.3 Spellcasting
 - Level 6.3 Hexes


You had 16 spell levels left.
You knew the following spells:

 Your Spells              Type           Power      Damage    Failure   Level
a - Corona                Hex            33%        N/A       1%          1
b - Ensorcelled Hibernat  Hex/Ice        36%        N/A       1%          2
c - Tukima's Dance        Hex            30%        N/A       1%          3

Your spell library contained the following spells:

 Spells                   Type           Power      Damage    Failure   Level
 Confusing Touch          Hex            30%        N/A       1%          3
 Dazzling Flash           Conj/Hex       36%        N/A       3%          3
 Cause Fear               Hex            15%        N/A       3%          4
 Conjure Flame            Conj/Fire      6%         6-21      12%         3
 Gell's Gravitas          Tloc           3%         N/A       12%         3
 Ignite Poison            Fire/Tmut/Pois 6%         N/A       12%         3
 Lesser Beckoning         Tloc           3%         N/A       12%         3
 Teleport Other           Tloc           6%         N/A       12%         3
 Animate Dead             Necr           3%         N/A       36%         4
 Sticky Flame             Conj/Fire      6%         2d3       36%         4
 Dispersal                Tloc           3%         N/A       99%         6
 Dragon Form              Tmut           3%         N/A       100%        7
 Haunt                    Necr/Summ      3%         N/A       100%        7
 Infestation              Necr           3%         N/A       100%        8
 Dragon's Call            Summ           3%         N/A       100%        9


Dungeon Overview and Level Annotations

Branches:
Dungeon (7/15)             Temple (1/1) D:5         Ossuary (visited)

Altars:
Ashenzari
Dithmenos
Elyvilon
Fedhas
Gozag
Kikubaaqudgha
Makhleb
Nemelex Xobeh
Okawaru
Ru
Sif Muna
Trog
Vehumet
Wu Jian
Xom
Yredelemnul
Zin
The Shining One

Shops:
D:1 [   D:7 ?

Annotations:
D:3 3 runed translucent doors, pkoi's ghost, novice MiFi
D:7 Dowan


Innate Abilities, Weirdness & Mutations

You are very small and have problems with some larger weapons.
You are too small for most types of armour.
You have supernaturally acute eyesight. (SInv)
You cover ground extremely quickly. (Speed+++)


Message History

You hit Duvessa but do no damage.
Duvessa is severely wounded.
Duvessa hits you.
Dowan says, "Magic and the sword, together, will defeat you."
Dowan barely misses you.
Unknown command.
You barely miss Duvessa.
Duvessa is severely wounded.
Your +0 short sword of holy wrath hits Duvessa.
Duvessa barely misses your +0 short sword of holy wrath.
Dowan hits you with a +0 dagger.
You catch the helpless Duvessa completely off-guard!
You impale Duvessa!!
You kill Duvessa!
Dithmenos accepts your kill.
Dowan seems overcome with grief, but rights himself reflexively soon after.
Dowan seems to find hidden reserves of power!
Dowan says, "Magic will overcome all!"
Dowan hits you with a +0 dagger.
Your +0 short sword of holy wrath misses Dowan.
Your +0 short sword of holy wrath falls from the air.
Dowan gestures at you while chanting. The stone arrow misses you.
Dowan mumbles some strange words.
Dowan blinks!
An orc comes into view. It is wielding a +0 flail.
The orc shouts!
You hear a shout!
An orc comes into view. It is wielding a +0 whip.
An orc warrior comes into view. It is wielding a +0 broad axe.
An orc comes into view. It is wielding a +1 dagger of venom.
The orc shouts!
An orc comes into view. It is wielding a +0 club.
As you read the scroll of teleportation, it crumbles to dust.
You feel strangely unstable.
Dowan breathes, "And she was my only..."
The orc shouts!
A water moccasin comes into view.
Dowan points at you and mumbles some strange words.
The stone arrow hits you!
You die...

#.#....##.#
#.#.......# ..S
#.##....### #... ..
#........# ... ..
#####....#######'##'#
#.##..o(......#.##
#.##..o.....[.#..#
#......o.......#.##
#####......@...#..#
.......o..o.e...#.#
.####.........#.#.##
.............#....#
.#....#########.#.#
######### #...##
..######e..##
.######.##........#
.........#........#


You could see an orc warrior, a water moccasin (asleep), Dowan (fast) and 4
orcs.

Vanquished Creatures
  Pikel (D:5)
  Sigmund (D:2)
  2 wraiths (Ossuary)
  A water moccasin (D:5)
  Duvessa (D:7)
  2 ogres
  A centaur (D:6)
  3 phantoms
  4 scorpions
  Blork the orc (D:5)
  A water moccasin zombie (D:5)
  2 water moccasin skeletons (D:6)
  2 wights (Ossuary)
  A bullfrog zombie (D:6)
  4 hounds
  2 centaur skeletons (D:7)
  2 orc priests
  Jessica (D:2)
  2 iguanas (D:4)
  A hound zombie (D:5)
  9 adders
  3 gnolls (D:3)
  2 shadow imps
  2 white imps
  An ufetubus (D:6)
  2 adder zombies (Ossuary)
  2 worms
  4 dart slugs
  8 orcs
  10 bats
  7 endoplasms
  4 giant cockroaches
  6 goblins
  7 hobgoblins
  3 jackals (D:1)
  4 quokkas
  6 ball pythons
  2 ball python skeletons (Ossuary)
  2 frilled lizards
  A hobgoblin zombie (Ossuary)
  3 kobolds
  A kobold zombie (Ossuary)
  An orc skeleton (Ossuary)
  An orc zombie (Ossuary)
  6 rats
132 creatures vanquished.

Vanquished Creatures (collateral kills)
  An ogre (D:5)
  2 wights (Ossuary)
3 creatures vanquished.

Vanquished Creatures (others)
  A dancing weapon (D:5)
1 creature vanquished.

Grand Total: 136 creatures vanquished

Notes
Turn   | Place    | Note
-------+----------+-------------------------------------------
     0 | D:1      | zeram the Spriggan Enchanter began the quest for the Orb.
     0 | D:1      | Reached XP level 1. HP: 9/9 MP: 5/5
   233 | D:1      | Found Toitik's Armour Shoppe.
   334 | D:1      | Reached XP level 2. HP: 4/13 MP: 6/6
   610 | D:1      | Learned a level 2 spell: Ensorcelled Hibernation
   712 | D:1      | Reached skill level 5 in Stealth
   712 | D:1      | Identified a scroll of acquirement
   712 | D:1      | Acquired the +1 hat of the Snake Pit {rCorr Stlth+}
   864 | D:1      | Found a faded altar of an unknown god.
  1031 | D:1      | Bought a +0 cloak for 45 gold pieces
  1208 | D:2      | Reached XP level 3. HP: 16/16 MP: 8/8
  1294 | D:2      | Noticed Jessica
  1301 | D:2      | Killed Jessica
  1302 | D:2      | Reached skill level 6 in Stealth
  1302 | D:2      | Reached XP level 4. HP: 21/21 MP: 9/9
  1329 | D:2      | Noticed Sigmund
  1339 | D:2      | Killed Sigmund
  1340 | D:2      | Reached skill level 7 in Stealth
  1340 | D:2      | Reached XP level 5. HP: 15/24 MP: 3/11
  1674 | D:2      | Learned a level 3 spell: Tukima's Dance
  2345 | D:3      | Reached XP level 6. HP: 28/28 MP: 1/12
  2788 | D:3      | Found a runed translucent gate.
  2788 | D:3      | Found a runed translucent gate.
  2788 | D:3      | Found a runed translucent gate.
  2789 | D:3      | Noticed pkoi's ghost (novice MiFi)
  2942 | D:3      | Reached skill level 8 in Stealth
  3297 | D:3      | Reached skill level 5 in Hexes
  3562 | D:3      | Found an iron altar of Okawaru.
  4430 | D:4      | Found a sand-covered staircase.
  4577 | Ossuary  | Entered an ossuary
  4757 | Ossuary  | Reached XP level 7. HP: 32/32 MP: 14/14
  4776 | Ossuary  | Reached skill level 9 in Stealth
  4881 | Ossuary  | Noticed a wraith
  4881 | Ossuary  | Noticed a flying skull
  4912 | Ossuary  | Noticed a flying skull
  4967 | Ossuary  | Noticed a wraith
  4969 | Ossuary  | Killed a wraith
  4989 | Ossuary  | Noticed a wraith
  4991 | Ossuary  | Killed a wraith
  4992 | Ossuary  | Reached skill level 5 in Dodging
  4992 | Ossuary  | Reached skill level 10 in Stealth
  4992 | Ossuary  | Reached skill level 5 in Spellcasting
  4999 | Ossuary  | Noticed a flying skull
  5115 | D:4      | Reached XP level 8. HP: 36/36 MP: 9/16
  5643 | D:4      | Found a broken altar of Ashenzari.
  5643 | D:4      | Found a shimmering altar of Xom.
  5756 | D:4      | Reached skill level 11 in Stealth
  5879 | D:5      | Entered Level 5 of the Dungeon
  6148 | D:5      | Reached skill level 12 in Stealth
  6430 | D:5      | Noticed Pikel
  6435 | D:5      | Killed Pikel
  6436 | D:5      | Reached skill level 13 in Stealth
  6436 | D:5      | Reached XP level 9. HP: 39/39 MP: 18/20
  6448 | D:5      | Noticed Blork the orc
  6449 | D:5      | Found a burning altar of Makhleb.
  6456 | D:5      | Killed Blork the orc
  6640 | D:5      | Found a staircase to the Ecumenical Temple.
  6956 | Temple   | Entered the Ecumenical Temple
  6962 | Temple   | Became a worshipper of Dithmenos the Shadowed
  7572 | D:6      | Reached skill level 14 in Stealth
  7781 | D:6      | Found a basalt altar of Yredelemnul.
  7926 | D:6      | Identified the +0 robe of Burnt Salvation {rN++ Stlth+}
  8623 | D:7      | Found Ebbuth's Magic Scroll Shoppe.
  8629 | D:7      | Bought a scroll of blinking for 112 gold pieces
  8766 | D:7      | Noticed Duvessa
  8768 | D:7      | Noticed Dowan
  8794 | D:7      | Killed Duvessa
  8814 | D:7      | Killed from afar by Dowan

Illustrated notes

Levels and vault maps discovered:
D:1:      wander_arrival_lonely_grave, layout_loops_ring, serial_shops,
          nicolae_shop_waterfront, shapermc_ecumenical_altar_petra
D:2:      layout_rooms, uniq_sigmund, uniq_jessica
D:3:      minmay_chambers_of_threes, layout_basic, lemuel_doored_altar,
          gammafunk_ghost_split
D:4:      layout_loops_ring, amethyst_overflow_temple_binary,
          nicolae_ossuary_entry_false_entrances
D:5:      layout_basic, lemuel_crystal_altar,
          minmay_temple_entry_drinking_statues, minmay_crystal_room,
          saegor_snake_ambush, uniq_blork_the_orc, uniq_pikel
D:6:      layout_basic, yredelemnul_altar_generic
D:7:      layout_basic, serial_shops, shop_fountains, shop,
          nicolae_shop_waterfront, uniq_duvessa, uniq_menkaure
Temple:   dshaligram_water_room_temple

Skill      XL: |  1  2  3  4  5  6  7  8  9 |
---------------+----------------------------+-----
Hexes          | 4 5 6 |  6.3
Dodging        | 3 4 5 6 |  6.5
Stealth        | 5 6 7 8 10 13 14 | 14.8
Spellcasting   | 3 4 5 6 7 |  7.3
Short Blades   | 2 |  2.1

Action                   |  1- 3 |  4- 6 |  7- 9 || total
-------------------------+-------+-------+-------++-------
Melee: Dagger            |    61 |   153 |   164 ||   378
 Cast: Corona            |     4 |     1 |       ||     5
       Ensorcelled Hiber |     1 |    38 |    25 ||    64
       Tukima's Dance    |       |       |     7 ||     7
  Use: Scroll            |     2 |     8 |    10 ||    20
       Potion            |       |     1 |     1 ||     2
 Stab: Sleeping          |    10 |    38 |    36 ||    84
       Distracted        |       |       |     3 ||     3
Armor: Robe              |    15 |    19 |    15 ||    49
Dodge: Dodged            |    50 |   129 |   130 ||   309
